 Dungeon Crawl Stone Soup version 0.26-a0-712-ga5a9c9c9d0 (webtiles) character file.

Game seed: 4732672402265166940

335 kae the Insei (level 6, -1/34 HPs)
             Began as a Tengu Transmuter on Nov 13, 2020.
             Slain by Grinder (2 damage)
             ... while paralysed by Grinder
             ... on level 4 of the Dungeon.
             The game lasted 00:02:03 (3605 turns).

kae the Insei (Tengu Transmuter)                    Turns: 3605, Time: 00:02:04

Health: -1/34      AC:  2    Str: 12    XL:     6   Next: 53%
Magic:  8/10       EV:  5    Int: 14    God:
Gold:   124        SH:  0    Dex: 19    Spells: 5/9 levels left

rFire    . . .     SeeInvis .     - Unarmed
rCold    . . .     Faith    .   (shield currently unavailable)
rNeg     . . .     Spirit   .   (armour currently unavailable)
rPois    x         Reflect  .   (helmet currently unavailable)
rElec    .         Harm     .   (cloak currently unavailable)
rCorr    .         Rampage  .   (gloves currently unavailable)
MR       .....                  (boots unavailable)
Stlth    ++........             (no amulet)
HPRegen  0.11/turn              (no ring)
MPRegen  0.12/turn              (no ring)

@: paralysed, spider-form (expiring), flying quickly and evasively, quick
A: tiny, able to fly
a: Stop Flying, End Transformation


You were on level 4 of the Dungeon.
You were a venomous arachnid creature.
You visited 1 branch of the dungeon, and saw 4 of its levels.

You collected 124 gold pieces.

Inventory:

Armour
 a - a +1 robe (melded)
 c - a +2 pair of gloves (melded)
 k - a +1 cloak (melded)
Jewellery
 l - an uncursed ring of positive energy {unknown}
 p - a +6 ring of intelligence {unknown}
 q - an uncursed ring of see invisible {unknown}
 r - an uncursed amulet of magic regeneration {unknown}
Scrolls
 d - 2 scrolls of fog
 g - 2 scrolls of teleportation
 o - a scroll of magic mapping
 s - a scroll of remove curse {unknown}
Potions
 b - a potion of stabbing
 e - a potion of might {unknown}
 f - a potion of mutation
 h - 2 potions of berserk rage
 i - a potion of magic
 m - a potion of lignification {unknown}
 n - a potion of cancellation {unknown}


   Skills:
 - Level 1.0 Fighting
 - Level 2.1 Dodging
 + Level 5.2 Unarmed Combat
 - Level 2.0 Spellcasting
 * Level 4.6 Transmutations


You had 5 spell levels left.
You knew the following spells:

 Your Spells              Type           Power        Failure   Level
a - Beastly Appendage     Tmut           ##....       12%         1
b - Spider Form           Tmut/Pois      #.........   50%         3

Your spell library contained the following spells:

 Spells                   Type           Power        Failure   Level
 Wereblood                Tmut           ##......     16%         2
 Ice Form                 Ice/Tmut       #.......     85%         4
 Blade Hands              Tmut           ##........   86%         5


Dungeon Overview and Level Annotations

Branches:
Dungeon (4/15)
 Temple: D:4-7

Altars:

Annotations:
D:3 1 runed translucent door, p0werm0de's ghost, weakling MiFi
D:4 Grinder


Innate Abilities, Weirdness & Mutations

((You have a beak for a mouth.))
((You have claws for feet.))
You can fly continuously.


Message History

Things that are here:
a +2 flail of protection; a +0 scale mail; the human corpse of Edmund You closely miss Grinder.
Grinder hits you.
You writhe in agony.
You hit Grinder but do no damage.
Grinder is poisoned.
Grinder gestures at you.
You suddenly lose the ability to move!
Grinder hits you.
You writhe in agony.
Your transformation is almost over.
Grinder hits you.
* * * LOW HITPOINT WARNING * * *
You writhe in agony.
* * * LOW HITPOINT WARNING * * *
Grinder hits you.
* * * LOW HITPOINT WARNING * * *
Grinder hits you.
* * * LOW HITPOINT WARNING * * *
You writhe in agony.
* * * LOW HITPOINT WARNING * * *
Grinder hits you.
You die... ################### ...?.>......[..5s<# ###################

You could see Grinder (poisoned).

Vanquished Creatures
  Edmund (D:4)
  An orc priest (D:3)
  3 gnolls (D:3)
  8 adders
  A worm (D:2)
  A dart slug (D:2)
  5 leopard geckos
  3 orcs (D:3)
  5 giant cockroaches
  8 goblins
  8 hobgoblins
  4 jackals (D:3)
  A quokka (D:3)
  7 bats
  5 frilled lizards
  6 kobolds
  5 rats
72 creatures vanquished.

Notes
Turn   | Place    | Note
-------+----------+-------------------------------------------
     0 | D:1      | kae the Tengu Transmuter began the quest for the Orb.
     0 | D:1      | Reached XP level 1. HP: 12/12 MP: 4/4
     1 | D:1      | Noticed an electric eel
   120 | D:1      | Reached XP level 2. HP: 15/16 MP: 4/6
  1044 | D:2      | Reached XP level 3. HP: 17/20 MP: 5/7
  1387 | D:2      | Reached skill level 4 in Unarmed Combat
  1387 | D:2      | Reached XP level 4. HP: 25/25 MP: 8/8
  1418 | D:2      | Learned a level 3 spell: Spider Form
  2419 | D:3      | Gained mutation: You can fly continuously. [Tengu growth]
  2419 | D:3      | Reached XP level 5. HP: 29/29 MP: 7/9
  2870 | D:3      | Found a runed translucent door.
  2871 | D:3      | Noticed p0werm0de's ghost (weakling MiFi)
  2871 | D:3      | Noticed a black bear
  3475 | D:4      | Noticed Edmund
  3490 | D:4      | Killed Edmund
  3490 | D:4      | Reached skill level 5 in Unarmed Combat
  3490 | D:4      | Reached XP level 6. HP: 25/34 MP: 7/10
  3580 | D:4      | Noticed Grinder
  3594 | D:4      | Paralysed by Grinder for 2 turns
  3600 | D:4      | Paralysed by Grinder for 7 turns
  3604 | D:4      | HP: 1/34 [Grinder (2)]
  3605 | D:4      | Slain by Grinder

Illustrated notes

Levels and vault maps discovered:
D:1:      arrival_aquarium_a, layout_basic
D:2:      layout_loops_corners
D:3:      layout_basic, ebering_ghost_inner_flame, corner_web_ring,
          glass_columns_a
D:4:      layout_basic, uniq_duvessa, uniq_edmund, uniq_grinder

Skill      XL: |  1  2  3  4  5 |
---------------+----------------+-----
Transmutations | 2 3 4 |  4.6
Unarmed Combat | 4 5 |  5.2
Fighting       | |  1.0
Dodging        | |  2.1
Spellcasting   | |  2.0

Action                   |  1- 3 |  4- 6 || total
-------------------------+-------+-------++-------
Melee: Unarmed           |    73 |   140 ||   213
       Peck              |     9 |    12 ||    21
       Headbutt          |     5 |     6 ||    11
       Kick              |    11 |    14 ||    25
       Punch             |       |     2 ||     2
 Cast: Beastly Appendage |    17 |    21 ||    38
       Spider Form       |       |     4 ||     4
 Abil: Fly               |       |     1 ||     1
  Use: Scroll            |     7 |     3 ||    10
       Potion            |       |     2 ||     2
 Stab: Sleeping          |     1 |       ||     1
Armor: Robe              |    25 |    33 ||    58
       Skin              |       |     1 ||     1
Dodge: Dodged            |    49 |    93 ||   142

Table legend: (Time is in decaauts)
 A = Elapsed time spent in this place.
 B = Non-inter-level travel time spent in this place.
 C = Inter-level travel time spent in this place.
 D = Time resting spent in this place.
 E = Time spent auto-exploring this place.
 F = Levels seen in this place.
 G = Mean time per level.
                   A        B        C        D        E       F      G
               +--------+--------+--------+--------+--------+-----+--------+
         Total |   3527 |   3452 |     75 |      0 |   2903 |   4 |  881.8 |
       Dungeon |   3527 |   3452 |     75 |      0 |   2903 |   4 |  881.8 |
               +--------+--------+--------+--------+--------+-----+--------+

Top non-repeatable levels by time:
     D:3: 1209 daAuts
     D:2: 1189 daAuts
     D:1: 1002 daAuts
     D:4: 126 daAuts
